 Dungeon Crawl Stone Soup version 0.27-a0-819-g058290f16d (webtiles) character file.

Game seed: 16290901724132634888

563 porpoise the Conjurer (level 7, -3/41 HPs)
             Began as a Deep Elf Conjurer on Mar 30, 2021.
             Slain by an orc warrior
             ... wielding a +0 glaive
              (11 damage)
             ... on level 4 of the Dungeon.
             The game lasted 00:12:52 (4620 turns).

porpoise the Conjurer (Deep Elf Conjurer)           Turns: 4620, Time: 00:12:52

Health: -3/41      AC:  4    Str:  5    XL:     7   Next: 10%
Magic:  10/16      EV: 12    Int: 24    God:
Gold:   177        SH:  0    Dex: 13    Spells: 5/16 levels left

rFire    . . .     SeeInvis .   b - +0 hunting sling
rCold    . . .     Faith    .   (no shield)
rNeg     . . .     Spirit   .   f - +0 robe
rPois    .         Reflect  .   (no helmet)
rElec    .         Harm     .   (no cloak)
rCorr    .         Rampage  .   k - +1 pair of gloves
Will     .....                  (no boots)
Stlth    ++........             (no amulet)
HPRegen  0.13/turn              (no ring)
MPRegen  0.15/turn              (no ring)

@: no status effects
A: no striking features
a: no special abilities


You were on level 4 of the Dungeon.
You visited 1 branch of the dungeon, and saw 4 of its levels.

You collected 199 gold pieces.
You spent 22 gold pieces at shops.

Inventory:

Hand Weapons
 a - a +0 short sword
 b - a +0 hunting sling (weapon)
Missiles
 d - 53 stones (quivered ammo)
 j - 12 poisoned darts
Armour
 c - a +0 buckler
 f - a +0 robe (worn)
 k - a +1 pair of gloves (worn)
Magical Staves
 i - a staff of poison
Scrolls
 e - a scroll of enchant armour {unknown}
 g - 2 scrolls of teleportation {unknown}
 h - a scroll of holy word {unknown}
 l - a scroll of identify {unknown}
 m - a scroll of magic mapping {unknown}
 o - a scroll of noise {unknown}
Potions
 n - a potion of attraction {unknown}
 p - a potion of invisibility {unknown}
 q - a potion of curing {unknown}


   Skills:
 + Level 3.5 Fighting
 - Level 2.4 Dodging
 - Level 2.4 Stealth
 - Level 5.0 Spellcasting
 - Level 7.0 Conjurations
 + Level 1.9 Hexes


You had 5 spell levels left.
You knew the following spells:

 Your Spells              Type           Power      Damage    Failure   Level
a - Magic Dart            Conj           100%       1d8       1%          1
b - Searing Ray           Conj           78%        3d6       1%          2
c - Fulminant Prism       Conj/Hex       13%        3d9       14%         4
d - Iskenderun's Mystic   Conj/Tloc      22%        2d6       21%         4

Your spell library contained the following spells:

 Spells                   Type           Power      Damage    Failure   Level
 Dazzling Flash           Conj/Hex       54%        N/A       4%          3


Dungeon Overview and Level Annotations

Branches:
Dungeon (4/15)
 Temple: D:4-7

Altars:
Ashenzari
Dithmenos
Hepliaklqana
Kikubaaqudgha
Nemelex Xobeh
Okawaru
Sif Muna

Shops:
D:2 !

Annotations:
D:3 Natasha


Message History

You start resting.
An orc warrior comes into view. It is wielding a +0 glaive.
Things that are here:
a +0 dagger; a +0 robe
There is an open door here.
You start resting.
Magic restored.
There is an open door here.
Things that are here:
a +0 dagger; a +0 robe
Things that are here:
a +0 dagger; a +0 robe; an orc skeleton
Things that are here:
a +0 war axe; an orc corpse
Casting: Searing Ray (safe; 1% risk of failure)
Confirm with . or Enter, or press ? or * to list all spells.
Aiming: Searing Ray (safe; 1% risk of failure)
Press: ? - help, Shift-Dir - straight line, f - orc warrior
Aim: an orc warrior, wielding a +0 glaive and wearing a +0 chain mail (22% to evade)
The searing ray misses the orc warrior. (Press . to maintain the ray.)
The orc warrior hits you from afar with a +0 glaive!
The searing ray misses the orc warrior.
The orc warrior hits you from afar with a +0 glaive.
The searing ray hits the orc warrior!
The orc warrior is moderately wounded.
The orc warrior hits you from afar with a +0 glaive!
* * * LOW HITPOINT WARNING * * *
Things that are here:
a +0 dagger; a +0 robe
There is an open door here.
Casting: Searing Ray (safe; 1% risk of failure)
Confirm with . or Enter, or press ? or * to list all spells.
The spell is quite dangerous to cast (14% risk of failure)!
Continue anyway?
Aiming: Fulminant Prism (quite dangerous; 14% risk of failure)
Press: ? - help, Dir - move target You conjure a prism of explosive energy!
A fulminant prism comes into view.
The orc warrior hits you from afar with a +0 glaive!
You die...

#####.....'.. #......#.....
#).##.....# #####'##.....
#)##.#.....######............
()#
##........................
#(#.
##....................... # .
#..................##'#. ..
#.).........#'######..#. ..
#.....#######.)....'..#. ...
#....o#@...........#).#.
##....)#............#..'.
..........o....))......#..#.
..........#*.######..###>##.
########################'###
#...#....#..#..
#...#....'..'..
###########.###.###..###
#.....#..##.###.###..###


You could see an orc warrior (ally target) and a friendly fulminant prism.

Vanquished Creatures
  Sigmund (D:4)
  An ogre (D:4)
  2 orc priests
  3 orc wizards
  4 gnolls (D:4)
  5 adders
  A worm (D:4)
  3 dart slugs (D:1)
  10 orcs
  4 bats
  8 endoplasms
  2 giant cockroaches
  7 goblins
  6 hobgoblins
  11 jackals
  8 kobolds
  4 quokkas
  5 ball pythons
  3 frilled lizards
  6 rats
94 creatures vanquished.

Notes
Turn   | Place    | Note
-------+----------+-------------------------------------------
     0 | D:1      | porpoise the Deep Elf Conjurer began the quest for the Orb.
     0 | D:1      | Reached XP level 1. HP: 10/10 MP: 6/6
   181 | D:1      | Reached XP level 2. HP: 11/15 MP: 3/8
   592 | D:1      | Learned a level 2 spell: Searing Ray
   938 | D:2      | Found a sparkling altar of Nemelex Xobeh.
   938 | D:2      | Found a broken altar of Ashenzari.
   938 | D:2      | Found a hazy altar of Hepliaklqana.
   939 | D:2      | Found an ancient bone altar of Kikubaaqudgha.
   939 | D:2      | Found a shimmering blue altar of Sif Muna.
   949 | D:2      | Reached skill level 5 in Conjurations
   949 | D:2      | Reached XP level 3. HP: 19/19 MP: 10/10
  1541 | D:2      | Reached XP level 4. HP: 24/24 MP: 8/12
  1933 | D:2      | Found Wimylokk's Distillery.
  1942 | D:2      | Bought 2 potions of degeneration for 22 gold pieces
  2193 | D:2      | Learned a level 4 spell: Fulminant Prism
  2198 | D:2      | Learned a level 4 spell: Iskenderun's Mystic Blast
  2249 | D:3      | Reached skill level 5 in Spellcasting
  2389 | D:3      | Found an iron altar of Okawaru.
  2622 | D:3      | Reached skill level 1 in Fighting
  2622 | D:3      | Reached XP level 5. HP: 29/29 MP: 6/14
  2903 | D:3      | Reached skill level 6 in Conjurations
  3278 | D:3      | Found a shadowy altar of Dithmenos.
  3280 | D:3      | Noticed Natasha
  3551 | D:4      | Noticed Sigmund
  3566 | D:4      | Killed Sigmund
  3567 | D:4      | Reached XP level 6. HP: 24/36 MP: 10/15
  4103 | D:4      | Reached skill level 7 in Conjurations
  4360 | D:4      | Reached skill level 1 in Hexes
  4360 | D:4      | Reached XP level 7. HP: 38/41 MP: 6/16
  4620 | D:4      | Slain by an orc warrior

Illustrated notes

Levels and vault maps discovered:
D:1:      minmay_arrival_loop, layout_rooms
D:2:      layout_loops_ring, grunt_temple_overflow_open, serial_shops, shop
D:3:      layout_loops_corners, nicolae_overflow_hidden_temple,
          okawaru_metal_pillars_1_2, uniq_natasha
D:4:      layout_gridville, guppyfry_early_orc_mine, uniq_sigmund

Skill      XL: |  1  2  3  4  5  6 |
---------------+-------------------+-----
Spellcasting   | 4 5 |  5.0
Conjurations   | 5 6 7 |  7.0
Fighting       | 1 2 3 |  3.5
Hexes          | 1 |  1.9
Dodging        | |  2.4
Stealth        | |  2.4

Action                   |  1- 3 |  4- 6 |  7- 9 || total
-------------------------+-------+-------+-------++-------
 Fire: Hunting sling     |    22 |    42 |     7 ||    71
 Cast: Magic Dart        |    34 |    22 |     1 ||    57
       Searing Ray       |     5 |    27 |     7 ||    39
       Fulminant Prism   |       |       |     1 ||     1
  Use: Potion            |       |     2 |       ||     2
Armor: Robe              |       |     4 |       ||     4
Dodge: Dodged            |     4 |     6 |     2 ||    12

Table legend: (Time is in decaauts)
 A = Elapsed time spent in this place.
 B = Non-inter-level travel time spent in this place.
 C = Inter-level travel time spent in this place.
 D = Time resting spent in this place.
 E = Time spent auto-exploring this place.
 F = Levels seen in this place.
 G = Mean time per level.
                   A        B        C        D        E       F      G
               +--------+--------+--------+--------+--------+-----+--------+
         Total |   4631 |   4533 |     98 |   1884 |   2163 |   4 | 1157.8 |
       Dungeon |   4631 |   4533 |     98 |   1884 |   2163 |   4 | 1157.8 |
               +--------+--------+--------+--------+--------+-----+--------+

Top non-repeatable levels by time:
     D:2: 1317 daAuts
     D:3: 1210 daAuts
     D:4: 1173 daAuts
     D:1: 929 daAuts
